 Dungeon Crawl Stone Soup version 0.19-a0-231-gae044c8 (webtiles) character file.

285 namelastname112 the Sneak (level 6, -8/30 HPs)
             Began as a Spriggan Enchanter on May 24, 2016.
             Mangled by an orc
             ... wielding a +0 flail
              (12 damage)
             ... on level 4 of the Dungeon.
             The game lasted 00:07:15 (3636 turns).

namelastname112 the Sneak (Spriggan Enchanter)      Turns: 3636, Time: 00:07:15

Health: -8/30      AC:  3    Str:  5    XL:     6   Next: 7%
Magic:  0/13       EV: 20    Int: 17    God:
Gold:   124        SH:  0    Dex: 20    Spells: 3 memorised, 7 levels left

rFire  . . .     SeeInvis +     a - +1 dagger
rCold  . . .     Gourm    .     b - +1 robe
rNeg   . . .     Faith    .     (shield restricted)
rPois  .         Spirit   .     (helmet restricted)
rElec  .         Dismiss  .     (no cloak)
rCorr  .         Reflect  .     (gloves unavailable)
SustAt .         Harm     .     (boots unavailable)
MR     +....                    (no amulet)
Stlth  ++++......               (no ring)
                                g - +3 ring of dexterity

@: very slightly contaminated, slowed, quick, somewhat resistant to hostile
enchantments, stealthy
A: unfitting armour, see invisible, herbivore 3, speed 3, slow metabolism 2
a: no special abilities


You were on level 4 of the Dungeon.
You were not hungry.

You visited 1 branch of the dungeon, and saw 4 of its levels.

You collected 124 gold pieces.

Inventory:

Hand Weapons
 a - a +1 dagger (weapon)
Armour
 b - a +1 robe (worn)
Jewellery
 g - a +3 ring of dexterity (left hand)
Scrolls
 e - 2 scrolls of blinking
 f - 2 scrolls of identify
 j - 2 scrolls of enchant weapon {unknown}
 k - 2 scrolls of teleportation {unknown}
 l - 2 scrolls of amnesia {unknown}
 o - a scroll of remove curse
 p - a scroll of noise {unknown}
 q - a scroll of fear {unknown}
Potions
 h - a potion of flight {unknown}
 m - a potion of curing {unknown}
 n - a potion of might {unknown}
 r - 2 potions of degeneration {unknown}
Books
 c - a book of Maledictions

   Spells                             Type                      Level
   a - Corona                         Hexes                        1
   b - Ensorcelled Hibernation        Hexes/Ice                    2
   c - Confuse                        Hexes                        3
   d - Tukima's Dance                 Hexes                        3
   e - Dazzling Spray                 Conjuration/Hexes            3
Comestibles
 d - 2 bread rations
 i - 2 slices of pizza


   Skills:
 + Level 1.4 Fighting
 + Level 3.1 Short Blades
 + Level 4.4 Dodging
 + Level 5.6 Stealth
 + Level 4.3 Spellcasting
 + Level 4.7 Hexes


You had 7 spell levels left.
You knew the following spells:

 Your Spells              Type           Power        Failure   Level  Hunger
a - Corona                Hex            ###....      2%          1    None
x - Confuse               Hex            ###.....     10%         3    ###....
z - Ensorcelled Hibernat  Hex/Ice        ##....       12%         2    ##.....


Dungeon Overview and Level Annotations

Branches:
Dungeon (4/15)
 Temple: D:4-7

Altars:
Ashenzari
Sif Muna


Innate Abilities, Weirdness & Mutations

You are tiny and cannot use many weapons and most armour.
You have supernaturally acute eyesight. (SInv)
You are a herbivore.
You cover ground extremely quickly.
You need consume almost no food.


Message History

You take 2 damage, and have 8/30 hp.
The orc wizard barely misses you. The orc wizard casts a spell at you.
The magic dart hits you!
* * * LOW HITPOINT WARNING * * *
You take 5 damage, and have 3/30 hp.
Casting: Ensorcelled Hibernation
Confirm with . or Enter, or press ? or * to list all spells.
Aiming: Confuse
Press: ? - help, Shift-Dir - straight line, f/p - orc wizard
Aim: an orc wizard, wielding a dagger and wearing a robe (heavily wounded, chance to defeat MR: 50%)
The orc wizard appears confused.
You now have 0/13 mp.
You hit the orc wizard but do no damage.
The orc wizard is heavily wounded.
The orc closely misses you.
You hit the orc wizard.
The orc wizard is severely wounded.
The orc hits you with a flail!
You die...

.....)..#..................#
........#..................+
..#######..................#
### ...###'#######........#
.........#....#........#
.........#.............#
.........#.........)...#
.........#...o#.#.#.#..#
....>....'..@o.........+
############.o#.#.#.#..#
#...........# ##.#.#.#.#..#
#..........# #.#.#.#.#..#
#.........# ##########


You could see an orc wizard (confused) and 2 orcs.

Vanquished Creatures
  An orc priest (D:4)
  2 hounds (D:2)
  Terence (D:2)
  A worker ant (D:4)
  3 adders
  A gnoll (D:2)
  3 oozes
  3 worms (D:3)
  4 dart slugs
  2 giant geckos
  5 orcs
  9 goblins
  6 hobgoblins
  12 jackals
  5 kobolds
  3 quokkas
  2 ball pythons
  5 bats
  5 giant newts
  7 rats
80 creatures vanquished.

Notes
Turn   | Place    | Note
--------------------------------------------------------------
     0 | D:1      | namelastname112 the Spriggan Enchanter began the quest for the Orb.
     0 | D:1      | Reached XP level 1. HP: 9/9 MP: 5/5
   435 | D:1      | Reached XP level 2. HP: 9/13 MP: 6/6
   439 | D:1      | Learned a level 2 spell: Ensorcelled Hibernation
  1003 | D:1      | Reached XP level 3. HP: 17/17 MP: 2/8
  1296 | D:1      | Learned a level 3 spell: Confuse
  1334 | D:2      | Noticed Terence
  1341 | D:2      | Killed Terence
  1341 | D:2      | Reached skill level 1 in Fighting
  1390 | D:2      | Reached skill level 5 in Stealth
  1400 | D:2      | Reached XP level 4. HP: 12/22 MP: 5/10
  1647 | D:2      | Found a shattered altar of Ashenzari.
  1721 | D:2      | xeno23: тебя выебал болдер жук
  1724 | D:2      | xeno23: ох лол
  1753 | D:2      | namelastname112: а?
  1753 | D:2      | namelastname112: меня шестерочка выебала
  2004 | D:2      | Reached XP level 5. HP: 13/25 MP: 3/11
  2444 | D:2      | xeno23: мм, на акрасиаке статистика тормозит
  2481 | D:3      | Found a deep blue altar of Sif Muna.
  2538 | D:3      | Found a faded altar to an unknown god.
  3617 | D:4      | Reached XP level 6. HP: 30/30 MP: 5/13
  3636 | D:4      | Mangled by an orc

Vault maps used:
D:1:      minmay_arrival_glassed_features
D:2:      overflow_temple_1_default, cheibrodos_gnoll_hut, uniq_terence
D:3:      lemuel_crystal_altar, ecumenical_altar_2, hangedman_decor_growths
D:4:      lemuel_round_altar, serial_glass, glass_columns_a, glass_columns_c,
          glass_columns_a, glass_columns_c, glass_columns_a, glass_columns_b,
          glass_columns_a, glass_columns_c

Skill      XL: |  1  2  3  4  5 |
---------------+----------------+-----
Spellcasting   | 3 4 |  4.3
Hexes          | 4 |  4.7
Fighting       | 1 |  1.4
Stealth        | 5 |  5.6
Short Blades   | 2 3 |  3.1
Dodging        | 4 |  4.4

Action                   |  1- 3 |  4- 6 || total
-------------------------+-------+-------++-------
Melee: Dagger            |    82 |   125 ||   207
 Cast: Ensorcelled Hiber |    12 |    33 ||    45
       Confuse           |       |     1 ||     1
  Use: Scroll            |     3 |       ||     3
 Stab: Sleeping          |    19 |    40 ||    59
       Distracted        |       |     1 ||     1
  Eat: Bread ration      |       |     1 ||     1
Armor: Robe              |    11 |     7 ||    18
Dodge: Dodged            |    82 |   111 ||   193
